 Dungeon Crawl Stone Soup version 0.28.0-49-g6dfe1f597d (webtiles) character file.

Game seed: 2128523949121457716

74 Woods the Insei (level 4, -2/34 HPs)
             Began as a Gnoll Transmuter on May 18, 2022.
             Slain by a black bear (7 damage)
             ... on level 3 of the Dungeon.
             The game lasted 00:02:59 (1955 turns).

Woods the Insei (Gnoll Transmuter)                  Turns: 1955, Time: 00:03:00

Health: -2/34      AC:  2    Str:  9    XL:     4   Next: 30%
Magic:  7/11       EV: 13    Int: 15    God:
Gold:   72         SH:  0    Dex: 12    Spells: 7/13 levels left

rFire   . . .      SeeInvis .     - Unarmed
rCold   . . .      Faith    .   (no shield)
rNeg    . . .      Spirit   .   a - +0 robe
rPois   .          Reflect  .   (no helmet)
rElec   .          Harm     .   (no cloak)
rCorr   .          Rampage  .   (no gloves)
Will    .....                   (no boots)
Stlth   ++........              (no amulet)
HPRegen 0.11/turn               (no ring)
MPRegen 0.12/turn               (no ring)

@: very slightly contaminated
A: fangs 1, strong nose, distributed training
a: no special abilities


You were on level 3 of the Dungeon.
You visited 1 branch of the dungeon, and saw 3 of its levels.

You collected 72 gold pieces.

Inventory:

Armour
 a - a +0 robe (worn)
Jewellery
 e - a ring of protection from fire
 h - a ring of magical power
Scrolls
 b - a scroll of immolation {unknown}
 c - a scroll of vulnerability {unknown}
 f - a scroll of identify {unknown}
 i - a scroll of teleportation {unknown}
 j - a scroll of fear {unknown}
Potions
 d - a potion of flight {unknown}
 g - a potion of might {unknown}
 k - a potion of berserk rage {unknown}


   Skills:
 + Level 2.7 Fighting
 + Level 1.1 Short Blades
 + Level 1.1 Long Blades
 + Level 1.1 Axes
 + Level 1.1 Maces & Flails
 + Level 1.1 Polearms
 + Level 1.1 Staves
 + Level 1.1 Slings
 + Level 1.1 Bows
 + Level 1.1 Crossbows
 + Level 1.1 Throwing
 + Level 1.1 Armour
 + Level 4.6 Dodging
 + Level 1.1 Stealth
 + Level 1.1 Shields
 + Level 6.6 Unarmed Combat
 + Level 5.0 Spellcasting
 + Level 0.8 Conjurations
 + Level 0.8 Hexes
 + Level 0.8 Summonings
 + Level 0.8 Necromancy
 + Level 0.8 Translocations
 + Level 3.8 Transmutations
 + Level 0.8 Fire Magic
 + Level 0.8 Ice Magic
 + Level 0.8 Air Magic
 + Level 0.8 Earth Magic
 + Level 0.8 Poison Magic
 + Level 1.2 Invocations
 + Level 1.1 Evocations


You had 7 spell levels left.
You knew the following spells:

 Your Spells              Type           Power      Damage    Failure   Level
a - Beastly Appendage     Tmut           30%        N/A       3%          1
b - Wereblood             Tmut           15%        N/A       4%          2
c - Spider Form           Tmut/Pois      10%        N/A       19%         3

Your spell library contained the following spells:

 Spells                   Type           Power      Damage    Failure   Level
 Ice Form                 Ice/Tmut       10%        N/A       52%         4


Dungeon Overview and Level Annotations

Branches:
Dungeon (3/15)

Altars:
Hepliaklqana

Shops:
D:2 (


Innate Abilities, Weirdness & Mutations

You have very sharp teeth.
Your uncanny sense of smell can sniff out nearby items.
Your experience applies equally to all skills.


Message History

The black bear misses you. The black bear claws you. x2
A giant cockroach comes into view.
A giant cockroach and a quokka come into view.
The black bear completely misses you. The black bear claws you.
The black bear closely misses you.
You hit the black bear.
The black bear is lightly wounded.
The black bear closely misses you. x2; The black bear claws you.
You bite the black bear!
The black bear is heavily wounded.
The black bear closely misses you. The black bear claws you.
The black bear closely misses you.
You are too injured to fight recklessly!
You hear the rusting of a drain very nearby.
The black bear misses you. The black bear claws you. The black bear misses you.
You hit the black bear but do no damage.
The black bear is poisoned.
The black bear is heavily wounded.
The black bear barely misses you. The black bear claws you.
The black bear closely misses you.
You hit the black bear.
The black bear looks even sicker.
The black bear is heavily wounded.
Your transformation has ended.
Your +0 robe unmelds from your body.
The black bear bites you.
* * * LOW HITPOINT WARNING * * *
The black bear claws you.
* * * LOW HITPOINT WARNING * * *
The black bear misses you.
The black bear goes berserk!
The black bear completely misses you. The black bear claws you.
* * * LOW HITPOINT WARNING * * *
The black bear misses you.
Casting: Spider Form (quite dangerous; 19% risk of failure)
Confirm with . or Enter, or press ? or * to list all spells.
The spell is quite dangerous to miscast (19% risk of failure)!
Continue anyway?
You miscast Spider Form.
You are very lightly contaminated with residual magic.
Strange energies run through your body. The black bear barely misses you.
The black bear claws you!
You die...

∆ ######## .# ........ #.#
#...########### #.#
#...r.B.Bh@...# #.#
#)..#########.######
#.####
##.................#
#.....
#.r#########.####.###..###
#.B# #.# #......... #...
#.########..### ##.r
#...........### #≈≈≈
#########...... ∆ #≈≈≈
#.#.###


You could see a black bear (berserk, very poisoned), a quokka and 2 giant
cockroaches.

Vanquished Creatures
  2 adders (D:2)
  A worm (D:2)
  An orc (D:3)
  5 bats
  3 endoplasms
  3 giant cockroaches
  A goblin (D:2)
  4 hobgoblins (D:1)
  12 jackals
  2 quokkas (D:2)
  4 ball pythons
  A frilled lizard (D:1)
  3 kobolds
  3 rats
45 creatures vanquished.

Notes
Turn   | Place    | Note
-------+----------+-------------------------------------------
     0 | D:1      | Woods the Gnoll Transmuter began the quest for the Orb.
     0 | D:1      | Reached XP level 1. HP: 17/17 MP: 6/6
   124 | D:1      | Reached XP level 2. HP: 23/23 MP: 5/7
   920 | D:2      | Reached skill level 5 in Spellcasting
   920 | D:2      | Reached XP level 3. HP: 25/28 MP: 6/9
   959 | D:2      | Found a hazy altar of Hepliaklqana.
  1044 | D:2      | Reached skill level 1 in Invocations
  1069 | D:2      | Reached skill level 1 in Short Blades
  1069 | D:2      | Reached skill level 1 in Long Blades
  1069 | D:2      | Reached skill level 1 in Axes
  1069 | D:2      | Reached skill level 1 in Maces & Flails
  1069 | D:2      | Reached skill level 1 in Polearms
  1069 | D:2      | Reached skill level 1 in Staves
  1069 | D:2      | Reached skill level 1 in Slings
  1069 | D:2      | Reached skill level 1 in Bows
  1069 | D:2      | Reached skill level 1 in Crossbows
  1069 | D:2      | Reached skill level 1 in Throwing
  1069 | D:2      | Reached skill level 1 in Armour
  1069 | D:2      | Reached skill level 1 in Stealth
  1069 | D:2      | Reached skill level 1 in Shields
  1069 | D:2      | Reached skill level 1 in Evocations
  1597 | D:2      | Reached XP level 4. HP: 34/34 MP: 9/11
  1632 | D:2      | Found Dioc's Antique Weapon Emporium.
  1640 | D:2      | Learned a level 2 spell: Wereblood
  1644 | D:2      | Learned a level 3 spell: Spider Form
  1803 | D:3      | Noticed a black bear
  1955 | D:3      | Slain by a black bear

Illustrated notes

Levels and vault maps discovered:
D:1:      amcnicky_arrival_gap_in_the_tavern_cellar, layout_basic
D:2:      layout_loops_ring, serial_shops, shop, basic_altar, moated_statue
D:3:      layout_loops_ring, portal_sewer_entry_f,
          hellmonk_ecumenical_altar_blasted

Skill      XL: |  1  2  3 |
---------------+----------+-----
Spellcasting   | 5 |  5.0
Invocations    | 1 |  1.2
Short Blades   | 1 |  1.1
Long Blades    | 1 |  1.1
Axes           | 1 |  1.1
Maces & Flails | 1 |  1.1
Polearms       | 1 |  1.1
Staves         | 1 |  1.1
Slings         | 1 |  1.1
Bows           | 1 |  1.1
Crossbows      | 1 |  1.1
Throwing       | 1 |  1.1
Armour         | 1 |  1.1
Stealth        | 1 |  1.1
Shields        | 1 |  1.1
Evocations     | 1 |  1.1
Fighting       | |  2.7
Dodging        | |  4.6
Unarmed Combat | |  6.6
Conjurations   | |  0.8
Hexes          | |  0.8
Summonings     | |  0.8
Necromancy     | |  0.8
Translocations | |  0.8
Transmutations | |  3.8
Fire Magic     | |  0.8
Ice Magic      | |  0.8
Air Magic      | |  0.8
Earth Magic    | |  0.8
Poison Magic   | |  0.8

Action                   |  1- 3 |  4- 6 || total
-------------------------+-------+-------++-------
Melee: Unarmed           |   100 |    28 ||   128
       Kick              |    11 |     4 ||    15
       Headbutt          |     3 |     2 ||     5
       Bite              |     2 |     1 ||     3
 Cast: Beastly Appendage |    18 |     3 ||    21
       Spider Form       |       |     1 ||     1
Armor: Robe              |    14 |     1 ||    15
Dodge: Dodged            |    69 |    30 ||    99
